Cogmind - Beta 10.2 @@@ ROGUE MODE // 2021.06.18 @ 07:45:29 Player: CrossedViper Result: Destroyed by Y-45 Defender with Beam Rifle Performance ------------- Evolutions (2) 1000 Regions Visited (5) 1000 Robots Destroyed (71) 355 Value Destroyed (2133) 2133 Prototype IDs (0) 0 Alien Tech Used (0) 0 Bonus (-75) -75 TOTAL SCORE: 4413 Bonus ------- High Alert Combat Kills 38 Friendly Fire -113 Cogmind --------- Core Integrity 0/550 Matter 183/300 Energy 100/100 System Corruption 3% Temperature Cool (9) Movement Treading (220) Ox3 Location -8/Materials Parts ------- > --- POWER (1) -------- (None) > --- PROPULSION (2) --- Light Treads Titanium Leg > --- UTILITY (5) ------ High-capacity Storage Unit Salvage Targeting Computer Powered Armor Powered Armor Powered Armor > --- WEAPON (3) ------- Gauss Rifle Gauss Rifle Gauss Rifle > --- INVENTORY (12) --- Light Nuclear Core Aluminum Leg Improved Heat Sink Salvage Targeting Computer Gauss Rifle Gauss Rifle Shock Bomb Launcher Peak State ------------ > --- POWER ------------ (None) > --- PROPULSION ------- Light Treads Titanium Leg > --- UTILITY ---------- High-capacity Storage Unit Salvage Targeting Computer Powered Armor Powered Armor Powered Armor > --- WEAPON ----------- Gauss Rifle Gauss Rifle Gauss Rifle > --- INVENTORY -------- Light Nuclear Core Aluminum Leg Improved Heat Sink Salvage Targeting Computer Gauss Rifle Gauss Rifle Shock Bomb Launcher [Rating: 33] Favorites ----------- Power Ion Engine Engine Ion Engine Power Core Light Nuclear Core Propulsion Light Treads Treads Light Treads Leg Titanium Leg Utility High-capacity Storage Unit Device Heat Sink Storage High-capacity Storage Unit Processor Salvage Targeting Computer Protection Powered Armor Weapon Grenade Launcher Energy Gun Small Laser Ballistic Gun Light Assault Rifle Launcher Grenade Launcher Build | -11 -10 -10 -10 -9 -8 ------- Run | Scr Mat Min Exi Min Mat Slots Evolved 4 | . . . . . 4 Power . | . . . . . . Propulsion . | . . . . . . Utility 3 | . . . . . 3 Weapon 1 | . . . . . 1 Parts Attached 51 | 6 3 1 . 5 36 Power 5 | 1 . . . . 4 Engine 2 | 1 . . . . 1 Core 3 | . . . . . 3 Reactor . | . . . . . . Propulsion 10 | 2 . . . 2 6 Treads 7 | 2 . . . 1 4 Leg 3 | . . . . 1 2 Wheel . | . . . . . . Hover . | . . . . . . Flight . | . . . . . . Utility 16 | 1 2 . . 1 12 Device 4 | . 1 . . . 3 Storage 3 | 1 1 . . . 1 Processor 3 | . . . . 1 2 Hackware . | . . . . . . Protection 6 | . . . . . 6 Artifact . | . . . . . . Weapon 20 | 2 1 1 . 2 14 Energy Gun 5 | 1 . . . . 4 Energy Cannon . | . . . . . . Ballistic Gun 10 | 1 . 1 . 2 6 Ballistic Cannon . | . . . . . . Launcher 5 | . 1 . . . 4 Special Weapon . | . . . . . . Impact Weapon . | . . . . . . Slashing Weapon . | . . . . . . Piercing Weapon . | . . . . . . Special Melee Weapon . | . . . . . . Unidentified Prototypes . | . . . . . . Parts Lost 30 | . 1 1 . 5 23 Power 3 | . . . . 1 2 Propulsion 7 | . . . . 2 5 Utility 7 | . . . . 1 6 Weapon 13 | . 1 1 . 1 10 Highest Loss Streak 7 | . 1 1 . 4 7 Average Slot Usage (%) 84 | . 89 85 85 85 77 Engine 10 | . 14 14 14 11 1 Treads 21 | . 28 28 28 23 8 Leg 1 | . . . . . 7 Device 10 | . 6 14 14 11 8 Storage 12 | . 14 14 14 14 8 Processor 4 | . . . . . 14 Protection 1 | . . . . . 6 Energy Gun 4 | . 12 . . . 7 Ballistic Gun 7 | . 10 . . 12 9 Launcher 8 | . 3 14 14 11 2 Naked Turns . | . . . . . . Heaviest Build 74 | 12 42 43 41 42 74 Greatest Support 40 | 40 40 40 40 40 40 Greatest Overweight (x) 3 | . 1 1 1 2 3 Average Overweight (x) . | . . 1 1 1 1 Largest Inventory Capacity 14 | 6 14 12 12 12 12 Average Capacity 11 | 5 9 12 12 12 11 Most Carried 7 | 1 4 5 4 5 7 Average Carried 3 | . 2 4 4 3 4 Final Capacity 12 | 6 12 12 12 12 12 Final Carried 7 | 1 4 4 4 2 7 Class Distribution -------------------- 77% | Mutant 13% | Scavenger-Mutant 4% | Scavenger-Bomber 3% | Bomber Dominant Class ---------------- Mutant | -10/Materials Mutant | -10/Mines Mutant | -10/Exiles Mutant | -9/Mines Scavenger-Mutant | -8/Materials Resources | -11 -10 -10 -10 -9 -8 ----------- Run | Scr Mat Min Exi Min Mat Matter Collected 1211 | 175 194 48 100 135 559 Remotely . | . . . . . . Salvage Created 2601 | . 637 41 . 83 1840 Parts 146 | . 42 7 . 8 89 Haulers Intercepted 1 | . . . . . 1 Recyclers Shooed 2 | . . . . . 2 Parts Field Recycled . | . . . . . . Retrieved Matter . | . . . . . . Parts Self-Destructed . | . . . . . . Prevented . | . . . . . . Kills | -11 -10 -10 -10 -9 -8 ------- Run | Scr Mat Min Exi Min Mat Combat Hostiles Destroyed 57 | . 19 5 . 6 27 Guns 23 | . 9 . . . 14 AOE 33 | . 10 5 . 6 12 Classes Destroyed 11 | . 4 . . 2 5 Worker 6 | . 3 1 . 1 1 Builder 3 | . . . . . 3 Tunneler 1 | . . . . . 1 Hauler 1 | . . . . . 1 Recycler 1 | . . . . . 1 Watcher 4 | . 1 . . . 3 Swarmer 11 | . 3 5 . 3 . Grunt 37 | . 16 . . . 21 Sentry 5 | . . . . . 5 Hunter 1 | . . . . . 1 Assembled 3 | . . . . 3 . Guerrilla 1 | . . . . 1 . Best Kill Streak 14 | . 13 3 . 3 14 Combat Bots Only 10 | . 10 3 . 3 8 Max Kills in Single Turn 5 | . 2 2 . 1 5 Gunslinging 1 | . 1 . . . . Exploded 3 | . 1 2 . 1 3 Melee . | . . . . . . Uniques/NPCs Destroyed . | . . . . . . Combat | -11 -10 -10 -10 -9 -8 -------- Run | Scr Mat Min Exi Min Mat Damage Taken 3308 | . 433 119 39 166 2551 Core 698 | . 85 18 . 38 557 Absorbed by Shields . | . . . . . . Core Remaining (%) 71 | 100 . . . 43 . Volleys Fired 149 | . 45 5 2 12 85 Largest 3 | . 2 1 1 2 3 Hottest 125 | . 60 30 30 50 125 Shots Fired 249 | . 71 5 2 17 154 Gun 196 | . 56 . . 9 131 Cannon . | . . . . . . Launcher 53 | . 15 5 2 8 23 Special . | . . . . . . Kinetic 119 | . 29 . . 9 81 Thermal 77 | . 27 . . . 50 Explosive 30 | . 15 5 2 8 . Electromagnetic 23 | . . . . . 23 Robot Hit Streak 37 | . 7 . . 4 37 Robot Miss Streak 3 | . 3 . . 2 3 Penetration Max 1 | . . . . . 1 Secondary Targets 2 | . 1 . . . 1 Max Gunslinging Chain 1 | . 1 . . . 1 Shots Hit Robots 164 | . 38 . . 9 117 Core Hits 142 | . 40 8 . 12 82 Critical Hits . | . . . . . . Critical Kills . | . . . . . . Critical Parts Destroyed . | . . . . . . Melee Attacks . | . . . . . . Impact . | . . . . . . Slashing . | . . . . . . Piercing . | . . . . . . Sneak Attacks . | . . . . . . Combat Hostiles . | . . . . . . Follow-up Attacks . | . . . . . . Damage Inflicted 5165 | . 1320 364 . 413 3068 Guns 1854 | . 416 . . 39 1399 Cannons . | . . . . . . Explosions 3265 | . 879 364 . 369 1653 Melee . | . . . . . . Ramming 46 | . 25 . . 5 16 Kinetic 1042 | . 215 . . 39 788 Thermal 1310 | . 201 . . . 1109 Explosive 1612 | . 879 364 . 369 . Electromagnetic 1155 | . . . . . 1155 Impact . | . . . . . . Slashing . | . . . . . . Piercing . | . . . . . . Highest Corruption 4 | . 1 1 1 4 3 Average Corruption 1 | . 1 1 1 1 2 Corruption Purged . | . . . . . . Effects 18 | . 2 . 1 5 10 Message Errors 1 | . . . . 1 . Matter Fused 4 | . . . . 1 3 Heat Flow Errors 4 | . . . . 1 3 Energy Discharges 1 | . . . . . 1 Data Loss (minor) 4 | . . . 1 2 1 Targeting Errors 1 | . 1 . . . . Weapon Failures 3 | . 1 . . . 2 Overload Shots . | . . . . . . Overflow Damage 123 | . 10 13 . 91 9 Projectiles . | . . . . . . Explosions 123 | . 10 13 . 91 9 Melee . | . . . . . . Knockbacks . | . . . . . . Impact . | . . . . . . Kinetic . | . . . . . . Secondary . | . . . . . . Self-Inflicted Damage 216 | . 1 44 40 60 71 Shots 13 | . 1 2 1 2 7 Rammed 16 | . 5 . . 2 9 Targets Rammed 17 | . 5 . . 3 9 Kicked . | . . . . . . Crushed 1 | . . . . 1 . Highest Temperature 180 | . 42 . . 134 180 Average Temperature 40 | . 25 . . 76 43 Received Heat Transfer 1314 | . 207 . . . 1107 Siege Activations . | . . . . . . Robots Corrupted 1 | . . . . . 1 Combat Hostiles 1 | . . . . . 1 Parts Fried 6 | . . . . . 6 Impact Corruptions . | . . . . . . Robots Melted . | . . . . . . Combat Hostiles . | . . . . . . Parts Melted 8 | . 1 . . . 7 Heat Transferred 2416 | . 450 . . . 1966 Parts Sabotaged . | . . . . . . Parts Stolen . | . . . . . . Parts Stripped . | . . . . . . Power Chain Reactions 7 | . . . . . 7 Missiles Intercepted . | . . . . . . Alert | -11 -10 -10 -10 -9 -8 ------- Run | Scr Mat Min Exi Min Mat Peak Influence 450 | . 431 343 . 70 450 Initial 168 | . . 168 . . . Average 154 | . 164 236 . 21 226 Maximum Alert Level 2 | . 2 1 . . 2 Low Security (%) 65 | 100 68 35 . 100 46 Level 1 25 | . 19 64 . . 32 Level 2 9 | . 12 . . . 21 Level 3 . | . . . . . . Level 4 . | . . . . . . Level 5 . | . . . . . . High Security . | . . . . . . Max Security . | . . . . . . Squads Dispatched 11 | . 7 . . . 4 Investigation 4 | . 4 . . . . Extermination . | . . . . . . Reinforcement 7 | . 3 . . . 4 Assault . | . . . . . . Garrison . | . . . . . . Intercept . | . . . . . . Construction Impeded 1 | . . . . . 1 Haulers Reinforced . | . . . . . . Stealth | -11 -10 -10 -10 -9 -8 --------- Run | Scr Mat Min Exi Min Mat Distress Signals 6 | . 2 . . . 4 Communications Jammed . | . . . . . . Distress Signals . | . . . . . . Times Spotted 102 | . 31 9 . 13 49 Peak Tracking Total 10 | . 5 3 . 5 10 Tactical Retreats 9 | . . 3 . 1 5 Traps | -11 -10 -10 -10 -9 -8 ------- Run | Scr Mat Min Exi Min Mat Traps Triggered 2 | . 1 . . . 1 Indirectly . | . . . . . . Trap Hack Attempts . | . . . . . . Triggered . | . . . . . . Disarmed . | . . . . . . Reprogrammed . | . . . . . . Reused . | . . . . . . Traps Extracted . | . . . . . . Installed . | . . . . . . Triggered . | . . . . . . Machines | -11 -10 -10 -10 -9 -8 ---------- Run | Scr Mat Min Exi Min Mat Machines Disabled 5 | . 4 . . . 1 Max in Single Turn 3 | . 3 . . . 1 Machines Sabotaged . | . . . . . . Garrisons Compromised . | . . . . . . Overloaded Fab Kills . | . . . . . . Fab Network Shutdowns . | . . . . . . Hacking | -11 -10 -10 -10 -9 -8 --------- Run | Scr Mat Min Exi Min Mat Machines Accessed 7 | . 3 1 3 . . Terminals 3 | . 2 1 . . . Fabricators . | . . . . . . Repair Stations . | . . . . . . Recycling Units 1 | . 1 . . . . Scanalyzers . | . . . . . . Garrison Access . | . . . . . . Total Hacks 12 | . 8 1 3 . . Successful 8 | . 4 1 3 . . Failed 4 | . 4 . . . . Catastrophic 1 | . 1 . . . . Database Lockouts . | . . . . . . Manual 9 | . 8 1 . . . Terminals 8 | . 7 1 . . . Fabricators . | . . . . . . Repair Stations . | . . . . . . Recycling Units 1 | . 1 . . . . Scanalyzers . | . . . . . . Garrison Access . | . . . . . . Terminal Hacks 7 | . 3 1 3 . . Record 3 | . . . 3 . . Part Schematic 1 | . . 1 . . . Robot Analysis 2 | . 2 . . . . Branch Access Points 1 | . 1 . . . . Fabricator Hacks . | . . . . . . Repair Station Hacks . | . . . . . . Recycling Unit Hacks . | . . . . . . Scanalyzer . | . . . . . . Garrison Access Hacks . | . . . . . . Unauthorized Hacks 1 | . 1 . . . . Terminals . | . . . . . . Fabricators . | . . . . . . Repair Stations . | . . . . . . Recycling Units 1 | . 1 . . . . Tunnel 1 | . 1 . . . . Scanalyzers . | . . . . . . Garrison Access . | . . . . . . Data Cores Recovered . | . . . . . . Used . | . . . . . . Hacking Detections 3 | . 2 1 . . . Full Trace Events 2 | . 2 . . . . Feedback Events 1 | . 1 . . . . Corruption 1 | . 1 . . . . Feedback Blocked . | . . . . . . Robot Schematics Acquired . | . . . . . . Robots Built . | . . . . . . Matter . | . . . . . . Time . | . . . . . . Total Robot Build Rating . | . . . . . . Part Schematics Acquired 1 | . . 1 . . . Parts Built . | . . . . . . Matter . | . . . . . . Time . | . . . . . . Total Part Build Rating . | . . . . . . Parts Repaired . | . . . . . . Time . | . . . . . . Parts Recycled . | . . . . . . Recycled Matter . | . . . . . . Retrieved Matter . | . . . . . . Retrieved Components . | . . . . . . Parts Scanalyzed . | . . . . . . Part Schematics Acquired . | . . . . . . Parts Damaged . | . . . . . . Bothacking | -11 -10 -10 -10 -9 -8 ------------ Run | Scr Mat Min Exi Min Mat Used RIF Installer . | . . . . . . Robots Hacked . | . . . . . . Non-combat . | . . . . . . Combat . | . . . . . . Robot Hacks Applied . | . . . . . . Relay Couplers Released . | . . . . . . Robots Rewired . | . . . . . . Allies Hacked . | . . . . . . Hacks Repelled . | . . . . . . Allies | -11 -10 -10 -10 -9 -8 -------- Run | Scr Mat Min Exi Min Mat Total Allies . | . . . . . . Largest Group . | . . . . . . Highest-Rated Group . | . . . . . . Highest-Rated Ally . | . . . . . . Total Orders . | . . . . . . Ally Attacks . | . . . . . . Total Damage . | . . . . . . Kills . | . . . . . . Allies Corrupted . | . . . . . . Allies Melted . | . . . . . . Intel | -11 -10 -10 -10 -9 -8 ------- Run | Scr Mat Min Exi Min Mat Robot Analysis Total 2 | . 2 . . . . Derelict Logs Recovered 1 | . . 1 . . . Drone Launches . | . . . . . . Drone Recoveries . | . . . . . . Exploration | -11 -10 -10 -10 -9 -8 ------------- Run | Scr Mat Min Exi Min Mat Turns Passed 3362 | 69 623 457 624 721 868 Spaces Moved 1592 | 42 291 248 345 369 297 Core 10 | 7 . . . . 3 Treads 1483 | 35 291 248 345 357 207 Legs 99 | . . . . 12 87 Wheels . | . . . . . . Hover . | . . . . . . Flight . | . . . . . . Fastest Speed 50 | 50 160 180 180 150 150 Average Speed 177 | 141 168 180 180 181 180 Slowest Speed 220 | 160 180 180 180 200 220 Overloaded Moves . | . . . . . . Propulsion Burnouts . | . . . . . . Robots Hopped . | . . . . . . Cave-ins Triggered . | . . . . . . Exploration Rate (%) 48 | 5 63 60 71 54 38 Regions Visited 5 Branch Regions 3 Pre-discovered Areas 1 | . 1 . . . . Known Exits Taken 1 | . 1 . . . . Unknown Exits Taken 4 | 1 . 1 1 1 . Scrap Searched 2 | . . 1 . 1 . Spaces Dug 35 | . . 27 . 8 . Terrain Destroyed 190 | . 79 34 4 54 19 Melee . | . . . . . . Projectile 1 | . . . . . 1 AOE 189 | . 79 34 4 54 18 Terrain Rammed . | . . . . . . Walls Destroyed . | . . . . . . Machines Disabled . | . . . . . . Actions | -11 -10 -10 -10 -9 -8 --------- Run | Scr Mat Min Exi Min Mat Total 1883 | 49 349 254 346 403 482 Wait 55 | . 1 . . 14 40 Move 1587 | 41 290 247 344 368 297 Hop . | . . . . . . Pick Up 16 | 2 4 1 . 1 8 Fast Attach 35 | 5 1 . . 2 27 Attach 13 | 1 1 1 . 3 7 Detach 3 | . . . . . 3 Swap 3 | . 1 . . . 2 Drop 5 | . 1 . . . 4 Fire 149 | . 45 5 2 12 85 Melee . | . . . . . . Ram . | . . . . . . Kick 3 | . . . . . 3 Crush 14 | . 5 . . 3 6 Escape Stasis . | . . . . . . Rewire . | . . . . . . Trap . | . . . . . . Miscellaneous . | . . . . . . Route ------- -11/Scrapyard -10/Materials -10/Mines -10/Exiles -9/Mines -8/Materials History --------- Turn | Location | Event 3 | -11/Scrapyard | Discovered new exit (range 16) 70 | -11/Scrapyard | Entered Materials 315 | -10/Materials | Build established: Mutant 597 | -10/Materials | Identified exit to Mines 639 | -10/Materials | Destroyed 10 combat bots 693 | -10/Materials | Entered Mines 1143 | -10/Mines | Deemed a non-threat by the Exiles lab entrance 1143 | -10/Mines | Discovered new exit (range 5) 1150 | -10/Mines | Entered Exiles 1150 | -10/Exiles | Found Exiles lab abandoned 1759 | -10/Exiles | Discovered new exit (range 10) 1774 | -10/Exiles | Entered Mines 1808 | -9/Mines | Met a Derelict bent on vengeance 2291 | -9/Mines | Assembled infested the area 2296 | -9/Mines | Assisted by a Guerilla fighting off Assembled 2359 | -9/Mines | Core integrity fell below 50% 2391 | -9/Mines | Lost 4 parts (1p1n1u1w) 2449 | -9/Mines | Discovered new exit (range 5) 2495 | -9/Mines | Entered Materials 2495 | -8/Materials | Evolved 4 slots: Utility x3, Weapon x1 2777 | -8/Materials | Core integrity fell below 50% 2782 | -8/Materials | Lost 7 parts (1p2n4w) 2923 | -8/Materials | Destroyed 8 combat bots 2951 | -8/Materials | Lost 5 parts (2n2u1w) 3017 | -8/Materials | Core integrity fell below 20% 3154 | -8/Materials | Lost 6 parts (1n3u2w) 3252 | -8/Materials | Found Powered Armor 3255 | -8/Materials | Found Powered Armor 3259 | -8/Materials | Found Powered Armor 3363 | -8/Materials | Destroyed by Y-45 Defender with Beam Rifle Last Messages --------------- 03324_ T-07 Excavator is excavating. 03325_ U-05 Engineer lays Concrete. 03326_ Slug penetrates G-47 Trooper. 03326_ A-02 Transporter destroyed. 03328_ T-07 Excavator is excavating. 03329_ Slug penetrates G-47 Trooper. 03329_ G-47 Trooper destroyed. 03329_ Slug penetrates Wall. 03331_ U-05 Engineer lays Concrete. 03331_ K-01 Serf collects debris. 03339_ Acquired 54 matter. 03339_ K-01 Serf collects debris. 03341_ System corrupted: Heat flow error (+143). 03349_ R-06 Scavenger collects Aluminum Leg. 03352_ R-06 Scavenger collects Particle Gun. 03355_ Slug penetrates Wall. 03355_ W-25 Informer destroyed. 03358_ Slug penetrates Wall. 03361_ Slug penetrates S-10 Pest. 03361_ Slug penetrates Wall. Map ----- +----------------------------------------------------+ | ???????????????????????????# ##### # | | ???????????????????????????# #???# # | | ?????????????????########### #??####+###? | | ?????????????????# # #??# #? | | ?????????????????# + #??# #?? | | ?????????????????# # ##+####??# ### | | ?????????????????? ???# #????????# ## | | ??????????????????##???????# #????????# ##! | | ???????????????????????????# #????????# ## | | ???????????????????????????# #????????######### | | ???????????????????????????# #????????????????# | | ???????????????????????????# #????????????????# | | ???????????????????????????# #????#+#?????????## | | ???????????????????????????# #????# #??????????? | | ???????????????????????????# #????# #??????????? | | ???????????????????????????# #????# #??????????? | | ???????????????????????????# #????# #?#####????? | | ???????????????????????????# #????# #?# !!#????? | | ??????????????????????###### ###### ### !!#????? | | ??????????????????????# [%]! ! #????? | | ??????????????????????# =!][] #????? | | ??????????????????????# = !=[%[= #????? | | ??????????????????????+ !### ######### #????? | | ??????????????????????# # ??????# #####????? | | ??????????????????????# # ?????# #????????? | | ??????????????????????# @# #????#+#????????? | | ????????????????? !%! # #???????????????? | | ???????????? Y # ####???????????????? | | ??????????? #####??????????????????? | | ??????????? ####### #??????????????????????? | | ????????????##????????# #??????????????????????? | | ??????????????????????# #??????????????????????? | | ??????????????????????#ss #??????????????????????? | | ?????????????????????? s #??????????????????????? | | ??????????????????????s ???????????????????????? | | ?????????????????????? ???????????????????????? | | ?????????????????????#####???????????????????????? | | ?????????????????????????????????????????????????? | | ?????????????????????????????????????????????????? | | ?????????????????????????????????????????????????? | | ?????????????????????????????????????????????????? | | ?????????????????????????????????????????????????? | | ?????????????????????????????????????????????????? | | ?????????????????????????????????????????????????? | | ?????????????????????????????????????????????????? | | ?????????????????????????????????????????????????? | | ?????????????????????????????????????????????????? | | ?????????????????????????????????????????????????? | | ?????????????????????????????????????????????????? | | ?????????????????????????????????????????????????? | +----------------------------------------------------+ Best States ------------- Heat Dissipation 41 Coolant Potential 100 Energy Generation 14 Energy Capacity 250 Matter Stores 300 Matter Capacity 300 Sight Range 16 Terrain Scan Density 10 Armor Coverage 1200 Evasion (%) 40 Targeting Accuracy 13 Recoil Reduction 2 Salvage Targeting 1 Item Schematics ----------------- Hcp. Storage Unit | -10/Mines | Hacked Robot Schematics ------------------ None Fabricated ------------ Nothing Alien Tech Used ----------------- None Achievements -------------- None Challenges ------------ None Game ------ Seed SmallFactorySuperbattery Manual? 0 Play Time 00:16:26 Cumulative 450.3 hours Start 2021.06.18 @ 07:30:10 End 2021.06.18 @ 07:45:29 Sessions 1 Manual Loads 0 Difficulty Rogue Special Mode None Game No. 347 Rogue 340 Adventurer 0 Explorer 7 Win Type - Total 21 Types 8/2/9/1/0/0/0/1/0 Lore% 82 Gallery% 94 Achievement% 78 Wizard Run 0 Options --------- ASCII 0 Keyboard 0 Movement Numpad Keybinds 0 Fullscreen 1 Font 18/X11Bold Map View 76x50 Tactical HUD 1 Map Filters NONE Filters NONE Steam 1 RUN: f046a603-010c-4d7c-b70c-8d2a7d166716